 Dungeon Crawl Stone Soup version 0.27-a0-1177-g245c70e1c0 (webtiles) character file.

Game seed: 14988598798973338409

424 HoaS the Spear-Bearer (level 6, -4/37 HPs)
             Began as a Tengu Berserker on May 16, 2021.
             Was a Priest of Trog.
             Slain by a scorpion zombie (5 damage)
             ... in an ossuary.
             The game lasted 00:08:19 (3085 turns).

HoaS the Spear-Bearer (Tengu Berserker)             Turns: 3085, Time: 00:08:20

Health: -4/37      AC:  3    Str: 19    XL:     6   Next: 96%
Magic:  7/7        EV: 14    Int:  8    God:    Trog [***...]
Gold:   187        SH:  0    Dex: 13    Spells: 5/5 levels left

rFire    . . .     SeeInvis .   a - +0 spear
rCold    . . .     Faith    .   (no shield)
rNeg     + . .     Spirit   .   j - +0 leather armour
rPois    .         Reflect  .   (helmet restricted)
rElec    .         Harm     .   (no cloak)
rCorr    .         Rampage  .   (no gloves)
Will     .....                  (boots unavailable)
Stlth    +.........             (no amulet)
HPRegen  0.12/turn              k - ring of positive energy
MPRegen  0.10/turn              (no ring)

@: mighty, lethally poisoned (-4 -> -8), flying quickly and evasively, quick
A: beak, talons 3, nimble flight
a: Renounce Religion, Berserk, Trog's Hand


You were in an ossuary.
You worshipped Trog.
Trog was most pleased with you.
You visited 1 branch of the dungeon, and saw 4 of its levels.
You also visited: Ossuary.

You collected 187 gold pieces.

Inventory:

Hand Weapons
 a - a +0 spear (weapon)
Armour
 j - a +0 leather armour (worn)
Jewellery
 k - a ring of positive energy (left hand)
Scrolls
 e - 2 scrolls of teleportation
 g - 2 scrolls of identify
Potions
 i - a potion of invisibility


   Skills:
 - Level 3.0 Fighting
 + Level 8.3 Polearms
 - Level 2.1 Armour
 - Level 2.1 Dodging


You had 5 spell levels left.
You didn't know any spells.
Your spell library was empty.

Dungeon Overview and Level Annotations

Branches:
Dungeon (4/15)             Temple (0/1) D:4         Ossuary (1/1)

Altars:


Innate Abilities, Weirdness & Mutations

You have a beak for a mouth.
You have claws for feet.
Your magical nature lets you fly swiftly and evasively.


Message History

You are no longer poisoned.
You start resting.
HP restored.
A scorpion and 3 zombies come into view.
You hit the centaur zombie.
You peck the centaur zombie, but do no damage.
The centaur zombie is lightly damaged.
The centaur zombie misses you. The centaur zombie barely misses you.
You puncture the centaur zombie! You claw the centaur zombie!
The centaur zombie is heavily damaged.
The scorpion stings you! The scorpion zombie hits you.
The centaur zombie completely misses you.
The centaur zombie kicks you but does no damage.
You hit the centaur zombie. You peck the centaur zombie.
The centaur zombie is almost destroyed.
The scorpion stings you.
You are poisoned.
The scorpion poisons you!
You feel very mighty all of a sudden.
You feel sick.
The centaur zombie barely misses you. x2
The scorpion zombie hits you. The scorpion completely misses you.
The centaur zombie hits you. The centaur zombie closely misses you.
Reach: a) +0 spear
Press: ? - help, Dir - move target, f - centaur zombie
Aim: a centaur zombie (almost destroyed, about 9% to evade your +0 spear)
Okay, then.
Unknown command.
You closely miss the scorpion. You claw the scorpion.
The scorpion is moderately wounded.
You feel sick. The scorpion zombie hits you.
* * * LOW HITPOINT WARNING * * *
The human zombie hits you but does no damage.
The scorpion barely misses you. The centaur zombie hits you.
* * * LOW HITPOINT WARNING * * *
The centaur zombie barely misses you.
You hit the scorpion. Your kick misses the scorpion.
The scorpion is heavily wounded.
* * * LOW HITPOINT WARNING * * *
You feel sick. The scorpion barely misses you. The scorpion zombie hits you.
You die...

############# #######
#.....#.....# #...#..
#.....#.....+ #.∩.'.∩
#.....8.....# #...#..
#...........##+###'####
#....Z......#?=!#...#..
#8.Z@..8###!..#...8..
#....sZ.....#M..#......
#...........######8...8
#.....8.....#^^^#......
#.....#.....'^^^#...8..
#.....#.....#^^^#...#..
##+###########'#######'
#...#...#^^ #...8...+^^


You could see a scorpion, a scorpion zombie, a centaur zombie and a human
zombie.

Vanquished Creatures
  3 scorpions (Ossuary)
  A centaur zombie (Ossuary)
  2 human zombies (Ossuary)
  A centaur skeleton (D:3)
  An orc wizard (D:3)
  3 adders (D:3)
  A worm (D:3)
  2 dart slugs
  4 orcs
  6 endoplasms
  A giant cockroach (D:2)
  A gnoll zombie (Ossuary)
  8 goblins
  4 hobgoblins
  2 jackals (D:1)
  A quokka (D:1)
  5 ball pythons
  5 bats
  3 frilled lizards (D:2)
  A goblin zombie (Ossuary)
  A jackal zombie (D:4)
  5 kobolds
  2 kobold zombies (Ossuary)
  6 rats
69 creatures vanquished.

Notes
Turn   | Place    | Note
-------+----------+-------------------------------------------
     0 | D:1      | HoaS the Tengu Berserker began the quest for the Orb.
     0 | D:1      | Reached XP level 1. HP: 14/14 MP: 2/2
    56 | D:1      | Found a faded altar of an unknown god.
   133 | D:1      | Reached XP level 2. HP: 19/19 MP: 3/3
   145 | D:1      | Reached skill level 4 in Polearms
   380 | D:1      | Reached ** piety under Trog
   569 | D:1      | Reached XP level 3. HP: 23/23 MP: 4/4
  1355 | D:2      | Reached skill level 5 in Polearms
  1852 | D:3      | Reached XP level 4. HP: 16/28 MP: 5/5
  2112 | D:3      | Reached skill level 6 in Polearms
  2278 | D:3      | Gained mutation: Your magical nature lets you fly swiftly
                  | and evasively. [Tengu growth]
  2278 | D:3      | Reached XP level 5. HP: 26/32 MP: 6/6
  2371 | D:3      | Reached *** piety under Trog
  2576 | D:4      | Found a sand-covered staircase.
  2583 | Ossuary  | Entered an ossuary
  2746 | Ossuary  | Reached skill level 7 in Polearms
  2746 | Ossuary  | Reached XP level 6. HP: 28/37 MP: 7/7
  2934 | Ossuary  | Reached skill level 8 in Polearms
  3085 | Ossuary  | HP: 1/37 [poisoned by a scorpion]
  3085 | Ossuary  | Slain by a scorpion zombie

Illustrated notes

Levels and vault maps discovered:
D:1:      psy_arrival_radial01, layout_basic, basic_ecumenical_altar,
          amethyst_killhole
D:2:      layout_loops_ring
D:3:      layout_basic
D:4:      cheibrodos_helix_gallery, layout_basic,
          minmay_temple_entry_proselytizer, enter_ossuary_3
Ossuary:  ossuary_minmay_scorpions

Skill      XL: |  1  2  3  4  5  6 |
---------------+-------------------+-----
Polearms       | 4 5 6 7 8 |  8.3
Fighting       | |  3.0
Armour         | |  2.1
Dodging        | |  2.1

Action                   |  1- 3 |  4- 6 || total
-------------------------+-------+-------++-------
Melee: Spear             |   112 |   117 ||   229
       Kick              |    10 |    29 ||    39
       Peck              |    10 |    21 ||    31
Invok: Berserk           |     1 |       ||     1
  Use: Scroll            |       |     7 ||     7
       Potion            |       |     2 ||     2
 Stab: Sleeping          |     1 |     2 ||     3
Armor: Animal skin       |    13 |       ||    13
       Leather armour    |     3 |    11 ||    14
Dodge: Dodged            |    45 |    56 ||   101

Table legend: (Time is in decaauts)
 A = Elapsed time spent in this place.
 B = Non-inter-level travel time spent in this place.
 C = Inter-level travel time spent in this place.
 D = Time resting spent in this place.
 E = Time spent auto-exploring this place.
 F = Levels seen in this place.
 G = Mean time per level.
                   A        B        C        D        E       F      G
               +--------+--------+--------+--------+--------+-----+--------+
         Total |   3020 |   2850 |    170 |    844 |   1543 |   5 |  604.0 |
       Dungeon |   2541 |   2371 |    170 |    465 |   1523 |   4 |  635.2 |
       Ossuary |    478 |    478 |      0 |    379 |     20 |   1 |  478.0 |
               +--------+--------+--------+--------+--------+-----+--------+

Top non-repeatable levels by time:
     D:1: 899 daAuts
     D:2: 796 daAuts
     D:3: 788 daAuts
 Ossuary: 478 daAuts
     D:4: 57 daAuts
